 Dungeon Crawl Stone Soup version 0.31.0-9-g3a7656b989 (webtiles) character file.

Game seed: 1134998438152521028

111 qw the Skirmisher (level 4, 0/25 HPs)
             Began as a Deep Elf Hunter on Feb 2, 2024.
             Killed from afar by Sigmund (6 damage)
             ... with a puff of flame
             ... on level 3 of the Dungeon.
             The game lasted 00:00:05 (1434 turns).

qw the Skirmisher (Deep Elf Hunter)                 Turns: 1434, Time: 00:00:05

Health: 0/25       AC:  5    Str: 10    XL:     4   Next: 62%
Magic:  6/6        EV: 11    Int: 14    God:
Gold:   107        SH:  0    Dex: 18    Spells: 3/3 levels left

rFire   . . .        a - +0 shortbow (elec)
rCold   . . .        (shield currently unavailable)
rNeg    . . .        n - +0 ring mail
rPois   .            (no helmet)
rElec   .            (no cloak)
rCorr   .            (no gloves)
SInv    .            (no boots)
Will    .....        (no amulet)
Stlth   +            (no ring)
HPRegen 0.24/turn    (no ring)
MPRegen 0.10/turn

%: no passive effects
@: no status effects
A: no striking features
a: no special abilities


You were on level 3 of the Dungeon.
You visited 1 branch of the dungeon, and saw 3 of its levels.

You collected 107 gold pieces.


   Skills:
 - Level 1.5 Fighting
 + Level 8.0 Ranged Weapons
 - Level 2.4 Dodging
 - Level 1.2 Stealth


You had 3 spell levels left.
You didn't know any spells.
Your spell library was empty.

Inventory:

Hand Weapons
 a - a +0 shortbow of electrocution (weapon)
Armour
 n - a +0 ring mail (worn)
Jewellery
 c - a ring of fire
Potions
 b - a potion of curing
 e - a potion of might
 i - a potion of brilliance {unknown}
 m - a potion of cancellation {unknown}

Dungeon Overview and Level Annotations

Branches:
Dungeon (3/15)

Altars:

Annotations:
D:3 Sigmund


Message History

Sigmund is moderately wounded.
A ball python comes into view.
You shoot an arrow.
The arrow closely misses the ball python.
The ball python hisses angrily.
A quokka comes into view.
You shoot an arrow. The arrow barely misses Sigmund.
Sigmund gestures wildly while chanting.
Sigmund flickers and vanishes!
Deactivating autopickup; reactivate with Ctrl-A.
You shoot an arrow. The arrow hits the ball python.
You kill the ball python!
You hear some strange, mumbled words.
A puff of flame appears from out of thin air!
The puff of flame misses you.
You shoot an arrow. The arrow hits the quokka.
The quokka is lightly wounded.
Something hits you.
You shoot an arrow. The arrow hits the quokka!
You kill the quokka!
You shoot an arrow. Something hits you!
You shoot an arrow. Something hits you but does no damage.
You shoot an arrow.
You hear some strange, mumbled words.
A puff of flame appears from out of thin air!
The puff of flame misses you.
You shoot an arrow. Something hits you!
You shoot an arrow. Something hits you.
You shoot an arrow. You shoot an arrow. Something barely misses you.
You shoot an arrow.
You hear some strange, mumbled words.
A puff of flame appears from out of thin air!
The puff of flame hits you.
You die...

#.(....###...>:........
#####....#..........###
#..#.#%.......>.# #
#........########
#.#......# #..#...#..#
#..#.#.....#
#..#.#.#.#...
#.@..#.#.#.### ##...#.#
. . ..#{..# .~ ~
#%##.#.# #. ...# #% ...
.. !. .. ...


There were no monsters in sight!

Vanquished Creatures
  Jessica (D:2)
  4 adders
  A dart slug (D:1)
  3 ball pythons
  3 bats
  7 endoplasms
  3 goblins
  2 hobgoblins
  8 jackals
  4 kobolds
  2 quokkas
  A frilled lizard (D:2)
  4 rats (D:1)
43 creatures vanquished.

Notes
Turn   | Place    | Note
-------+----------+-------------------------------------------
     0 | D:1      | qw the Deep Elf Hunter began the quest for the Orb.
     0 | D:1      | Reached XP level 1. HP: 12/12 MP: 3/3
     0 | D:1      | 0 ||| qw: Version: 0.3-a-155-g5e7d8dd
     0 | D:1      | 0 ||| qw: Game counter: 151
     0 | D:1      | 0 ||| qw: Melee chars always use a shield: true
     0 | D:1      | 0 ||| qw: God list: Okawaru
     0 | D:1      | 0 ||| qw: Allow faded altars: false
     0 | D:1      | 0 ||| qw: Do Orc after clearing Dungeon:15 true
     0 | D:1      | 0 ||| qw: Do second Lair branch before Depths: true
     0 | D:1      | 0 ||| qw: Lair rune preference: random
     0 | D:1      | 0 ||| qw: Goals: Normal
     0 | D:1      | 0 ||| PLANNING D:1-11
   164 | D:1      | Reached XP level 2. HP: 16/16 MP: 4/4
   200 | D:1      | Reached skill level 6 in Ranged Weapons
   563 | D:1      | 563 ||| UPGRADING to +0 scale mail.
   573 | D:1      | 573 ||| DROPPING +0 leather armour.
   574 | D:1      | 574 ||| UPGRADING to +0 ring mail.
   584 | D:1      | 584 ||| DROPPING +0 scale mail.
   585 | D:1      | 585 ||| READING 2 scrolls labelled BUMAJA TOUM.
   585 | D:1      | 585 ||| IDENTIFYING pink potion
   586 | D:1      | 586 ||| READING scroll of identify.
   586 | D:1      | 586 ||| IDENTIFYING sedimented dark potion
   587 | D:1      | 587 ||| READING 4 scrolls labelled XOYCID FYIRIQA.
   588 | D:1      | 588 ||| READING scroll labelled YNAFOS ENEUQUTS.
   589 | D:1      | 589 ||| READING scroll labelled TOALOT IXKA.
   589 | D:1      | 589 ||| BRANDING +0 shortbow.
   590 | D:1      | 590 ||| READING scroll labelled PISULOROIT.
   591 | D:1      | 591 ||| DROPPING scroll of butterflies.
   592 | D:1      | 592 ||| DROPPING potion of invisibility.
   593 | D:1      | 593 ||| DROPPING 3 scrolls of revelation.
   738 | D:2      | Reached XP level 3. HP: 20/20 MP: 5/5
   903 | D:2      | Reached skill level 7 in Ranged Weapons
  1031 | D:2      | Noticed Jessica
  1033 | D:2      | Killed Jessica
  1034 | D:2      | Reached XP level 4. HP: 25/25 MP: 6/6
  1250 | D:2      | 1250 ||| READING scroll of identify.
  1250 | D:2      | 1250 ||| IDENTIFYING green potion
  1251 | D:2      | 1251 ||| READING scroll labelled POTHRO LYPRA.
  1403 | D:3      | Reached skill level 8 in Ranged Weapons
  1419 | D:3      | Noticed Sigmund
  1431 | D:3      | HP: 5/25 [something (5)]
  1434 | D:3      | Killed from afar by Sigmund

Levels and vault maps discovered:
D:1:      dpeg_arrival_rhombus, layout_loops_cross
D:2:      layout_basic, minmay_misc_feat_diagonals, uniq_jessica
D:3:      layout_rooms, shapermc_ecumenical_altar_acropolis,
          kennysheep_big_empty_room, uniq_sigmund

Skill      XL: |  1  2  3  4 |
---------------+-------------+-----
Ranged Weapons | 6 7 8 |  8.0
Fighting       | |  1.5
Dodging        | |  2.4
Stealth        | |  1.2

Action                     |  1- 3 |  4- 6 || total
---------------------------+-------+-------++-------
   Fire: Shortbow          |    66 |    44 ||   110
    Use: Scroll            |     6 |     2 ||     8
 Armour: Leather armour    |     6 |       ||     6
         Ring mail         |     1 |    12 ||    13
  Dodge: Dodged            |     9 |     9 ||    18

Table legend:
 A = Non-vault XP
 B = Vault XP
 C = Vault XP percentage of total XP
 D = Non-vault monster count
 E = Vault monster count
 F = Vault count percentage of total count
                 A         B        C        D         E       F
            +---------+---------+-------+---------+---------+-------
      Total |     122 |      37 |  23.3 |      42 |       1 |   2.3
            +---------+---------+-------+---------+---------+-------
        D:1 |      32 |       0 |   0.0 |      18 |       0 |   0.0
        D:2 |      44 |      37 |  45.7 |      11 |       1 |   8.3
        D:3 |      46 |       0 |   0.0 |      13 |       0 |   0.0
            +---------+---------+-------+---------+---------+-------
